 Dungeon Crawl Stone Soup version 0.29-a0-878-g7b45a56547 (console) character file.

Game seed: 456178991098991363

141 capslocke the Sneak (level 5, -7/28 HPs)
             Began as a Kobold Enchanter on July 20, 2022.
             Mangled by a gnoll
             ... wielding a +0 spear
             ... led by a gnoll bouda
              (10 damage)
             ... on level 2 of the Dungeon.
             The game lasted 00:09:07 (2785 turns).

capslocke the Sneak (Kobold Enchanter)              Turns: 2785, Time: 00:09:08

Health: -7/28      AC:  3    Str:  6    XL:     5   Next: 48%
Magic:  0/8        EV: 19    Int: 16    God:
Gold:   115        SH:  0    Dex: 17    Spells: 6/8 levels left

rFire   . . .      SeeInvis .   a - +1 dagger
rCold   . . .      Faith    .   (no shield)
rNeg    . . .      Spirit   .   b - +0 robe
rPois   .          Reflect  .   (no helmet)
rElec   .          Harm     .   (no cloak)
rCorr   .          Rampage  .   d - +0 pair of gloves {infuse}
Will    .....                   (no boots)
Stlth   ++++......              (no amulet)
HPRegen 0.09/turn               m - +4 ring of evasion
MPRegen 0.11/turn               (no ring)

@: no status effects
A: small, no large weapons, nightstalker 3
a: no special abilities


You were on level 2 of the Dungeon.
You visited 1 branch of the dungeon, and saw 4 of its levels.

You collected 115 gold pieces.

Inventory:

Hand Weapons
 a - a +1 dagger (weapon)
Armour
 b - a +0 robe (worn)
 d - a +0 pair of gloves of infusion (worn)
Jewellery
 m - a +4 ring of evasion (left hand)
Scrolls
 e - 7 scrolls of identify {unknown}
 g - a scroll of amnesia {unknown}
 j - a scroll of fog {unknown}
 l - a scroll of enchant weapon {unknown}
 n - a scroll of fear {unknown}
Potions
 f - a potion of attraction {unknown}
 h - 2 potions of flight
 i - 2 potions of curing


   Skills:
 + Level 0.4 Fighting
 + Level 2.6 Short Blades
 + Level 3.0 Dodging
 + Level 6.2 Stealth
 + Level 2.4 Spellcasting
 + Level 3.7 Hexes
 + Level 0.2 Ice Magic


You had 6 spell levels left.
You knew the following spells:

 Your Spells              Type           Power      Damage    Failure   Level
a - Ensorcelled Hibernat  Hex/Ice        16%        N/A       13%         2

Your spell library contained the following spells:

 Spells                   Type           Power      Damage    Failure   Level
 Confusing Touch          Hex            13%        N/A       13%         3
 Tukima's Dance           Hex            13%        N/A       13%         3
 Dazzling Flash           Conj/Hex       14%        N/A       28%         3
 Passwall                 Tmut/Erth      0%         N/A       30%         2
 Swiftness                Air            1%         N/A       52%         3


Dungeon Overview and Level Annotations

Branches:
Dungeon (4/15)
 Temple: D:4-7

Altars:

Shops:
D:2 (


Innate Abilities, Weirdness & Mutations

You are small and have problems with some larger weapons.
You are completely attuned to the shadows.


Message History

The gnoll hits you from afar with a +0 spear.
The gnoll closely misses you.
You hit the gnoll.
The gnoll is moderately wounded.
The gnoll completely misses you. x2
You closely miss the gnoll.
The gnoll is moderately wounded.
The gnoll hits you from afar with a +0 spear.
The gnoll closely misses you.
You hit the gnoll but do no damage.
The gnoll is moderately wounded.
The gnoll hits you from afar with a +0 spear.
The gnoll completely misses you.
You hit the gnoll.
The gnoll is heavily wounded.
The gnoll barely misses you.
You hit the gnoll.
The gnoll is heavily wounded.
The gnoll closely misses you. The gnoll completely misses you.
You hit the gnoll.
The gnoll is severely wounded.
The gnoll closely misses you. The gnoll barely misses you.
You hit the gnoll.
You kill the gnoll!
The gnoll misses you.
Things that are here:
a +0 halberd; a +0 robe; a gnoll corpse You barely miss the gnoll.
The gnoll misses you.
You hit the gnoll.
The gnoll is lightly wounded.
The gnoll hits you with a +0 spear.
You hit the gnoll.
The gnoll is moderately wounded.
The gnoll hits you with a +0 spear!
* * * LOW HITPOINT WARNING * * *
You hit the gnoll.
The gnoll is moderately wounded.
The gnoll closely misses you.
The gnoll hits you from afar with a +0 spear!
You die...

###############...#
##.................###
##...########.#.......# #####
##.....###.............#
....####.......##.###.#.......###
...............##.# #....<.......
###J####.......##.#####.#)..#####
#.# ##.....###.....#.##### #.#
##...gg)@.....#.# #.#
####...###).##.#.######### J..
.......................... #g#
##....####..##.########### #.#
#....# #..##.#
###g#####....####.....#
...g...............####
####.####....####.##
#.###.#...####.#


You could see 2 gnolls.

Vanquished Creatures
  A gnoll bouda (D:2)
  4 gnolls
  3 adders (D:2)
  2 orcs (D:4)
  7 endoplasms
  A giant cockroach (D:2)
  5 goblins (D:1)
  3 hobgoblins
  A quokka (D:2)
  3 ball pythons
  5 bats
  A frilled lizard (D:2)
  7 kobolds
  5 rats (D:1)
48 creatures vanquished.

Vanquished Creatures (others)
  4 toadstools (D:1)
4 creatures vanquished.

Grand Total: 52 creatures vanquished

Notes
Turn   | Place    | Note
-------+----------+-------------------------------------------
     0 | D:1      | capslocke the Kobold Enchanter began the quest for the Orb.
     0 | D:1      | Reached XP level 1. HP: 10/10 MP: 3/3
   479 | D:1      | Reached XP level 2. HP: 15/15 MP: 3/5
   848 | D:1      | Reached XP level 3. HP: 15/19 MP: 2/6
  1059 | D:1      | Noticed a golden eye
  1062 | D:1      | Found a faded altar of an unknown god.
  1062 | D:1      | Noticed a golden eye
  1071 | D:1      | Noticed a golden eye
  1071 | D:1      | Noticed a floating eye
  1364 | D:2      | Reached skill level 5 in Stealth
  1478 | D:2      | Reached XP level 4. HP: 22/24 MP: 1/7
  1650 | D:2      | Learned a level 2 spell: Ensorcelled Hibernation
  1724 | D:2      | You fall into a shaft and drop 2 floors!
  2355 | D:2      | Reached XP level 5. HP: 28/28 MP: 4/8
  2412 | D:2      | Found Bifedom's Antique Weapon Emporium.
  2769 | D:2      | Reached skill level 6 in Stealth
  2785 | D:2      | Mangled by a gnoll

Illustrated notes

Levels and vault maps discovered:
D:1:      ldierk_walled_garden_2, layout_loops_cross,
          hellmonk_ecumenical_altar_watching_god, minivault_26,
          minmay_three_crescents
D:2:      layout_loops_ring, serial_shops, shop
D:3:      layout_basic
D:4:      layout_loops_cross, nicolae_tso_swordbearing_angel,
          gup_sewer_entry_spiral, nicolae_shop_vocational

Skill      XL: |  1  2  3  4  5 |
---------------+----------------+-----
Stealth        | 5 6 |  6.2
Short Blades   | 2 |  2.6
Dodging        | 3 |  3.0
Fighting       | |  0.4
Spellcasting   | |  2.4
Hexes          | |  3.7
Ice Magic      | |  0.2

Action                   |  1- 3 |  4- 6 || total
-------------------------+-------+-------++-------
Melee: Dagger            |    83 |    47 ||   130
       Punch             |     1 |       ||     1
 Cast: Ensorcelled Hiber |       |     7 ||     7
  Use: Potion            |     1 |     3 ||     4
       Scroll            |     1 |     1 ||     2
 Stab: Sleeping          |    10 |     8 ||    18
       Invisible         |     2 |       ||     2
Armor: Robe              |    19 |       ||    19
Dodge: Dodged            |    63 |    46 ||   109

Table legend: (Time is in decaauts)
 A = Elapsed time spent in this place.
 B = Non-inter-level travel time spent in this place.
 C = Inter-level travel time spent in this place.
 D = Time resting spent in this place.
 E = Time spent auto-exploring this place.
 F = Levels seen in this place.
 G = Mean time per level.
                   A        B        C        D        E       F      G
               +--------+--------+--------+--------+--------+-----+--------+
         Total |   2780 |   2743 |     37 |    856 |   1380 |   4 |  695.0 |
       Dungeon |   2780 |   2743 |     37 |    856 |   1380 |   4 |  695.0 |
               +--------+--------+--------+--------+--------+-----+--------+

Top non-repeatable levels by time:
     D:1: 1562 daAuts
     D:2: 1082 daAuts
     D:4: 120 daAuts
     D:3: 15 daAuts
